 Dungeon Crawl Stone Soup version 0.19.5 (webtiles) character file.

324 snowfan the Conjurer (level 6, -11/32 HPs)
             Began as a Deep Elf Wizard on May 13, 2017.
             Killed by divine providence
             ... invoked by an orc priest
              (14 damage)
             ... on level 4 of the Dungeon.
             The game lasted 00:19:08 (4041 turns).

snowfan the Conjurer (Deep Elf Wizard)              Turns: 4041, Time: 00:19:08

Health: -11/32     AC:  6    Str:  4    XL:     6   Next: 23%
Magic:  0/15       EV: 23    Int: 25    God:
Gold:   220        SH:  0    Dex: 21    Spells: 5 memorised, 4 levels left

rFire  . . .     SeeInvis .     g - +0 hunting sling
rCold  . . .     Gourm    .     a - +0 robe
rNeg   . . .     Faith    .     (no shield)
rPois  .         Spirit   .     b - +1 hat
rElec  .         Reflect  .     (no cloak)
rCorr  .         Harm     .     m - +2 pair of gloves
MR     .....                    (no boots)
Stlth  +++.......               (no amulet)
                                s - +3 ring of evasion
                                q - +3 ring of dexterity

@: agile
A: no striking features
a: no special abilities


You were on level 4 of the Dungeon.
You were not hungry.

You visited 1 branch of the dungeon, and saw 4 of its levels.

You collected 220 gold pieces.

Inventory:

Hand Weapons
 g - a +0 hunting sling (weapon)
 z - a +0 dagger of flaming
Missiles
 h - 112 stones
 w - 6 sling bullets (quivered)
Armour
 a - a +0 robe (worn)
 b - a +1 hat (worn)
 m - a +2 pair of gloves (worn)
Magical Staves
 C - an uncursed staff of summoning
Jewellery
 q - a +3 ring of dexterity (left hand)
 s - a +3 ring of evasion (right hand)
Scrolls
 j - 2 scrolls of magic mapping {unknown}
 k - a scroll of fog {unknown}
 n - 2 scrolls of enchant weapon {unknown}
 p - 3 scrolls of teleportation {unknown}
 r - 2 scrolls of identify {unknown}
 t - a scroll of remove curse {unknown}
 u - a scroll of fear {unknown}
 y - a scroll of blinking {unknown}
 B - a scroll of amnesia
Potions
 v - a potion of flight
Books
 c - a book of Minor Magic

   Spells                             Type                      Level
   a - Magic Dart                     Conjuration                  1
   b - Blink                          Translocation                2
   c - Call Imp                       Summoning                    2
   d - Repel Missiles                 Charms/Air                   2
   e - Slow                           Hexes                        2
   f - Conjure Flame                  Conjuration/Fire             3
   g - Mephitic Cloud                 Conjuration/Poison/Air       3
Comestibles
 d - 5 bread rations
 i - 4 chunks of flesh
 o - 5 fruits
 x - a meat ration


   Skills:
 - Level 4.4 Dodging
 - Level 2.4 Stealth
 + Level 5.0 Spellcasting
 + Level 5.7 Conjurations
   Level 1.1 Summonings
 - Level 1.1 Translocations


You had 4 spell levels left.
You knew the following spells:

 Your Spells              Type           Power        Failure   Level  Hunger
a - Magic Dart            Conj           ####         1%          1    None
c - Mephitic Cloud        Conj/Pois/Air  ###.....     12%         3    ##.....
d - Conjure Flame         Conj/Fire      ###.....     10%         3    ##.....
m - Repel Missiles        Chrm/Air       #.....       14%         2    None
q - Blink                 Tloc           N/A          10%         2    None


Dungeon Overview and Level Annotations

Branches:
Dungeon (4/15)
 Temple: D:4-7

Altars:
Cheibriados
Nemelex Xobeh
Okawaru
Xom


Message History

The sling bullet completely misses the orc priest.
The orc priest hits you but does no damage.
Casting: Magic Dart
Confirm with . or Enter, or press ? or * to list all spells.
Aiming: Magic Dart
Press: ? - help, Shift-Dir - straight line, f/p - orc priest
Aim: an orc priest, wielding a dagger and wearing a leather armour (severely wounded)
The magic dart hits the orc priest.
The orc priest is severely wounded.
The orc priest miscasts a cantrip.
Okay, then.
You are too injured to fight recklessly!
Firing (i - inventory. (,) - cycle):
w - 7 sling bullets (quivered)
Press: ? - help, Shift-Dir - straight line, f/p - orc priest
Aim: an orc priest, wielding a dagger and wearing a leather armour (severely wounded)
You shoot a sling bullet. The sling bullet hits the orc priest.
The orc priest is almost dead.
The orc priest mumbles some strange prayers to Beogh against you.
Beogh smites you!
You die...

#............).
#....#.#.#.####
####...#.#.....
#######.###.#####'
#.......# #.# #...
#.####### #.###...
#.# #######.......
#.# #......<######
#@# #.##....# #o#
#....##+# #)#
###### #.).(#
#o#### #


You could see an orc priest.

Vanquished Creatures
  An orc priest (D:4)
  3 orc wizards (D:3)
  8 gnolls
  5 adders
  2 worms
  2 dart slugs
  2 leopard geckos (D:4)
  14 orcs
  2 giant cockroaches (D:1)
  3 goblins
  2 hobgoblins (D:1)
  12 kobolds
  2 quokkas (D:3)
  A ball python (D:4)
  10 bats
  4 frilled lizards (D:3)
  10 rats
83 creatures vanquished.

Notes
Turn   | Place    | Note
-------+----------+-------------------------------------------
     0 | D:1      | snowfan the Deep Elf Wizard began the quest for the Orb.
     0 | D:1      | Reached XP level 1. HP: 10/10 MP: 7/7
   204 | D:1      | Reached XP level 2. HP: 15/15 MP: 3/9
   946 | D:2      | Found a shimmering altar of Xom.
  1025 | D:2      | Reached XP level 3. HP: 19/19 MP: 2/11
  1598 | D:2      | Found a snail-covered altar of Cheibriados.
  1598 | D:2      | Found a sparkling altar of Nemelex Xobeh.
  1881 | D:3      | Reached XP level 4. HP: 24/24 MP: 7/12
  2353 | D:3      | Gained mutation: Your spells are a little harder to cast, but a little more powerful. [potion of beneficial mutation]
  2844 | D:3      | Reached XP level 5. HP: 25/28 MP: 2/14
  2974 | D:3      | Learned a level 2 spell: Repel Missiles
  2977 | D:3      | Learned a level 2 spell: Blink
  2981 | D:3      | Learned a level 3 spell: Mephitic Cloud
  2985 | D:3      | Learned a level 3 spell: Conjure Flame
  3132 | D:3      | Reached skill level 5 in Conjurations
  3260 | D:3      | Found an iron altar of Okawaru.
  3805 | D:4      | Reached XP level 6. HP: 32/32 MP: 3/15
  4008 | D:4      | Reached skill level 5 in Spellcasting
  4028 | D:4      | Lost mutation: Your spells are a little harder to cast, but a little more powerful. [potion of cure mutation]
  4041 | D:4      | Killed from afar by an orc priest

Skill      XL: |  1  2  3  4  5  6 |
---------------+-------------------+-----
Conjurations   | 2 3 4 5 |  5.7
Dodging        | 3 4 |  4.4
Spellcasting   | 5 |  5.0
Stealth        | |  2.4
Summonings     | |  1.1
Translocations | |  1.1

Action                   |  1- 3 |  4- 6 || total
-------------------------+-------+-------++-------
 Fire: Hunting sling     |       |    10 ||    10
 Cast: Magic Dart        |    84 |   143 ||   227
  Use: Potion            |       |     8 ||     8
       Scroll            |       |     3 ||     3
  Eat: Chunk             |     3 |     6 ||     9
Armor: Robe              |       |     6 ||     6
Dodge: Dodged            |     9 |    43 ||    52
